 Dungeon Crawl Stone Soup version 0.21.1-1-g345015f (webtiles) character file.

3261 Supahsalami the Cleaver (level 9, -15/82 HPs)
             Began as a Deep Dwarf Fighter on June 19, 2018.
             Was a Follower of Makhleb.
             Demolished by a kobold
             ... wielding a +1 short sword of electrocution
              (17 damage)
             ... on level 8 of the Dungeon.
             The game lasted 00:57:44 (8105 turns).

Supahsalami the Cleaver (Deep Dwarf Fighter)        Turns: 8105, Time: 00:57:45

Health: -15/82     AC: 11    Str: 22    XL:     9   Next: 68%
Magic:  0/5        EV:  9    Int: 10    God:    Makhleb [*.....]
Gold:   396        SH: 11    Dex: 16    Spells: 8/8 levels left

rFire    . . .     SeeInvis +   a - +1 war axe
rCold    x . .     Gourm    .   c - +0 shield
rNeg     . . .     Faith    +   O - +0 ring mail "Cejeukoz" {rC- Dex+4 Slay+3 SInv} (curse)
rPois    .         Spirit   +   (no helmet)
rElec    .         Reflect  .   m - scarf {Spirit}
rCorr    .         Harm     .   K - +0 pair of gloves
MR       ++...                  h - +2 pair of boots
Stlth    +.........             w - amulet of faith
HPRegen  0.00/turn              j - ring of protection from magic
MPRegen  0.09/turn              t - ring of wizardry

@: non-regenerating, drained
A: damage resistance, heal wounds, sense surroundings 2, no regeneration
a: Heal Wounds, Renounce Religion


You were on level 8 of the Dungeon.
You worshipped Makhleb.
Makhleb was aware of your devotion.
You were very hungry.

You visited 2 branches of the dungeon, and saw 9 of its levels.

You collected 396 gold pieces.

Inventory:

Hand Weapons
 a - a +1 war axe (weapon)
 b - a +0 blowgun
 A - a +0 vampiric hand axe
 B - a +1 dagger of holy wrath
 D - a +4 short sword of draining
 G - a +1 hand axe of freezing
Missiles
 E - 59 poisoned needles
 H - 5 tomahawks (quivered)
 N - 9 curare-tipped needles
 R - 5 javelins
 S - a tomahawk of returning
Armour
 c - a +0 shield (worn)
 h - a +2 pair of boots (worn)
 i - a +0 large shield
 m - a scarf of spirit shield (worn)
 K - a +0 pair of gloves (worn)
 M - a +3 ring mail of cold resistance
 O - the cursed +0 ring mail "Cejeukoz" (worn) {rC- Dex+4 Slay+3 SInv}
   (You found it on level 7 of the Dungeon)

   It affects your dexterity (+4).
   It affects your accuracy and damage with ranged weapons and melee attacks
   (+3).
   It makes you vulnerable to cold.
   It lets you see invisible.
   It has a curse placed upon it.
Jewellery
 j - a ring of protection from magic (left hand)
 t - a ring of wizardry (right hand)
 w - an amulet of faith (around neck)
Wands
 r - a wand of digging (19)
 x - a wand of polymorph (12)
 F - a wand of acid (12)
Scrolls
 g - 6 scrolls of identify
 k - a scroll of enchant weapon
 n - 2 scrolls of remove curse
 o - 4 scrolls of blinking
 q - 4 scrolls of teleportation
 s - 2 scrolls of noise {unknown}
 u - 2 scrolls of fear {unknown}
 y - a scroll of immolation {unknown}
 z - 2 scrolls of fog {unknown}
Potions
 d - 2 potions of might
 e - 5 potions of curing
 l - a potion of berserk rage {unknown}
 p - a potion of cancellation {unknown}
 v - a potion of heal wounds {unknown}
 C - a potion of brilliance {unknown}
 I - a potion of agility {unknown}
 J - a potion of haste {unknown}
 L - 2 potions of flight
Comestibles
 f - 7 rations


   Skills:
 + Level 6.3(5.8) Fighting
 * Level 9.7(9.2) Axes
 + Level 7.4(7.0) Armour
 + Level 7.5(7.0) Shields


You had 8 spell levels left.
You didn't know any spells.

Dungeon Overview and Level Annotations

Branches:
Dungeon (8/15)             Temple (1/1) D:5
   Lair: D:8-11

Altars:
Ashenzari
Cheibriados
Dithmenos
Elyvilon
Fedhas
Gozag
Hepliaklqana
Kikubaaqudgha
Makhleb
Nemelex Xobeh
Okawaru
Qazlal
Ru
Sif Muna
Trog
Uskayaw
Vehumet
Wu Jian
Xom
Yredelemnul
Zin
The Shining One


Innate Abilities, Weirdness & Mutations

You are resistant to damage.
You can heal yourself by infusing magical energy.
You passively map the area around you.
You do not regenerate.


Message History

E - 59 poisoned needles (gained 21)
You see here 13 arrows.
You are feeling very hungry.
Found 30 stones.
Found a ruby potion.
p - a ruby potion
Found a glowing dagger.
You see here a glowing dagger.
A kobold comes into view.
It is wielding a short sword of electrocution.
The kobold throws a stone.
You block the stone.
You see here a stone.
The kobold hits you but does no damage.
You are electrocuted!
* * * LOW HITPOINT WARNING * * *
You barely miss the kobold. The kobold hits you but does no damage.
You closely miss the kobold. The kobold hits you but does no damage.
You are electrocuted!
* * * LOW HITPOINT WARNING * * *
You closely miss the kobold. The kobold hits you but does no damage.
You are electrocuted!
You die...

** * , ** * # ## *
#.#.## ** , #####
*.#... , ....# ###
..., * ###.#
##)###.#.# ##.##
#.#.(@...# *,,,*
##...## ##.###K###
*, , #.....## #.#
*... ** * .......#
#.# #### ** ,
#.....## ##.## * *,
##...## #.#.# *
###..# ##.## * ,*
.###.# #..## , ,,,
..##.########...####
,


You could see a kobold.

Vanquished Creatures
  Pikel (D:4)
  The ghost of Jaiteiro the Shield-Bearer, an amateur HuFi (D:4)
  Duvessa (D:6)
  An orc warrior (D:7)
  2 ice beasts
  2 sky beasts (D:7)
  2 ogres
  A phantom (D:5)
  A centaur (D:6)
  A big kobold (D:7)
  2 bullfrogs (D:6)
  Dowan (D:6)
  A water moccasin zombie (D:6)
  3 scorpions (D:6)
  7 howler monkeys
  3 crimson imps
  2 bullfrog zombies
  3 orc priests
  4 hounds
  2 centaur skeletons (D:4)
  5 orc wizards
  A bullfrog skeleton (D:5)
  Jessica (D:3)
  2 iguanas
  2 hound skeletons
  12 adders
  4 gnolls (D:4)
  A shadow imp (D:5)
  An ooze (D:3)
  An adder skeleton (D:5)
  3 worms
  A dart slug (D:1)
  6 leopard geckos
  24 orcs
  4 giant cockroaches
  11 goblins
  11 hobgoblins
  19 jackals
  13 kobolds
  4 ball pythons
  A ball python skeleton (D:4)
  5 bats
  8 frilled lizards
  A giant cockroach zombie (D:5)
  A leopard gecko zombie (D:6)
  9 rats
192 creatures vanquished.

Vanquished Creatures (others)
  A howler monkey (D:4)
  An orc (D:4)
2 creatures vanquished.

Grand Total: 194 creatures vanquished

Notes
Turn   | Place    | Note
-------+----------+-------------------------------------------
     0 | D:1      | Supahsalami the Deep Dwarf Fighter began the quest for the Orb.
     0 | D:1      | Reached XP level 1. HP: 20/20 MP: 1/1
   218 | D:2      | Reached XP level 2. HP: 28/28 MP: 2/2
   578 | D:1      | Reached XP level 3. HP: 32/34 MP: 3/3
  1083 | D:3      | Reached skill level 3 in Axes
  1214 | D:2      | Reached XP level 4. HP: 25/42 MP: 4/4
  1512 | D:2      | Found a blossoming altar of Fedhas.
  1743 | D:3      | Noticed Jessica
  1964 | D:2      | Reached XP level 5. HP: 29/49 MP: 4/4
  2032 | D:5      | Entered Level 5 of the Dungeon
  2032 | D:5      | Noticed an ogre
  2066 | D:4      | Reached skill level 4 in Axes
  2296 | D:3      | Killed Jessica
  2955 | D:4      | Noticed Jaiteiro's ghost (amateur HuFi)
  3069 | D:5      | Reached XP level 6. HP: 43/57 MP: 0/5
  3181 | D:4      | Reached skill level 5 in Axes
  3500 | D:4      | Noticed Pikel
  3500 | D:4      | Noticed a slave
  3501 | D:4      | Noticed a slave
  3541 | D:4      | Killed Pikel
  3541 | D:4      | Reached skill level 6 in Axes
  3541 | D:4      | Reached skill level 5 in Armour
  3541 | D:4      | Reached skill level 5 in Shields
  3541 | D:4      | Reached XP level 7. HP: 66/66 MP: 0/4
  3763 | D:4      | Reached XP level 8. HP: 70/73 MP: 0/5
  3992 | D:4      | Killed Jaiteiro's ghost
  3992 | D:4      | Reached skill level 5 in Fighting
  3992 | D:4      | Reached skill level 7 in Axes
  4411 | D:5      | Found a staircase to the Ecumenical Temple.
  4994 | D:6      | Reached skill level 8 in Axes
  5432 | D:6      | Noticed Dowan
  5508 | Temple   | Entered the Ecumenical Temple
  5788 | Temple   | Became a worshipper of Makhleb the Destroyer
  5831 | D:6      | Noticed Duvessa
  5872 | D:6      | Killed Duvessa
  5872 | D:6      | Gained mutation: You passively map the area around you. [Deep Dwarf growth]
  5872 | D:6      | Reached XP level 9. HP: 46/81 MP: 0/6
  6617 | D:6      | Killed Dowan
  7122 | D:7      | Reached skill level 9 in Axes
  7322 | D:7      | Reached * piety under Makhleb
  7702 | D:7      | Found a glowing silver altar of Zin.
  7703 | D:7      | Found an iron altar of Okawaru.
  7754 | D:7      | Got a garnet-encrusted ring mail
  7930 | D:8      | Identified the cursed +0 ring mail "Cejeukoz" {rC- Dex+4 Slay+3 SInv} (You found it on level 7 of the Dungeon)
  8104 | D:8      | HP: 2/82 [kobold/short sword of electrocution (11)]
  8105 | D:8      | Demolished by a kobold

Skill      XL: |  1  2  3  4  5  6  7  8  9 |
---------------+----------------------------+-----
Fighting       | 3 4 5 6 |  6.3
Axes           | 3 4 6 8 9 |  9.7
Shields        | 4 5 6 7 |  7.5
Armour         | 4 5 6 7 |  7.4

Action                   |  1- 3 |  4- 6 |  7- 9 || total
-------------------------+-------+-------+-------++-------
Melee: War axe           |   113 |   242 |   162 ||   517
       Hand axe          |       |       |   294 ||   294
Throw: Stone             |       |    88 |     8 ||    96
       Tomahawk          |       |       |    12 ||    12
       Javelin           |       |       |    19 ||    19
 Abil: Heal Wounds       |       |     4 |    14 ||    18
  Use: Scroll            |       |       |     6 ||     6
  Eat: Chunk             |     1 |     8 |    11 ||    20
       Ration            |       |       |     1 ||     1
Armor: Scale mail        |    56 |   123 |    49 ||   228
       Leather armour    |       |       |    60 ||    60
       Ring mail         |       |       |    26 ||    26
Dodge: Dodged            |    43 |    84 |   103 ||   230
Block: Shield            |    68 |   144 |   221 ||   433
